 Dungeon Crawl Stone Soup version 0.25-a0-578-gc91f01c39c (webtiles) character file.

Game seed: 3593128247621670716, levelgen mode: deterministic

132454 Emblim88 the Blocker (level 17, -4/135 HPs)
             Began as a Gnoll Fighter on Mar 5, 2020.
             Was the Champion of Okawaru.
             Slain by a shock serpent (12 damage)
             ... on level 1 of the Snake Pit.
             The game lasted 01:58:18 (27060 turns).

Emblim88 the Blocker (Gnoll Fighter)               Turns: 27060, Time: 01:58:19

Health: -4/135     AC: 24    Str: 36    XL:     17   Next: 12%
Magic:  0/32       EV: 21    Int: 17    God:    Okawaru [******]
Gold:   303        SH:  0    Dex: 16    Spells: 8/38 levels left

rFire    . . .     SeeInvis +   b - +8 falchion "Lifebane" {vamp, rPois}
rCold    . . .     Gourm    .   (no shield)
rNeg     . . .     Faith    .   y - +5 chain mail of Dice, Bag, and Bottle {Str+6 Int+2}
rPois    +         Spirit   +   B - +2 hat {Int+3}
rElec    .         Reflect  .   i - scarf {Spirit}
rCorr    .         Harm     .   z - +0 pair of gloves {Str+3}
MR       +....                  T - +2 pair of boots {Stlth+}
Stlth    ++++......             l - amulet of rage
HPRegen  0.32/turn              K - +4 ring of evasion
MPRegen  0.23/turn              P - ring "Vaifakacs" {Str+4 SInv Stlth+}

@: no status effects
A: distributed training, fangs 1, strong nose
a: Heroism, Finesse, Renounce Religion, Evoke Berserk Rage


You were on level 1 of the Snake Pit.
You worshipped Okawaru.
Okawaru was exalted by your worship.
You were hungry.

You visited 4 branches of the dungeon, and saw 24 of its levels.

You collected 3328 gold pieces.
You spent 3025 gold pieces at shops.

Inventory:

Hand Weapons
 b - the +8 falchion "Lifebane" (weapon) {vamp, rPois}
   (You bought it in a shop on level 5 of the Dungeon)

   It inflicts no extra harm, but heals its wielder when it wounds a living foe.
   It protects you from poison.
 p - the +6 arbalest "Damnation" {damnation}
   (You bought it in a shop on level 12 of the Dungeon)
Missiles
 r - 27 boomerangs (quivered)
 A - 82 bolts
 I - 2 silver javelins
 Q - 4 javelins
Armour
 c - a +3 tower shield
 i - a scarf of spirit shield (worn)
 y - the +5 chain mail of Dice, Bag, and Bottle (worn) {Str+6 Int+2}
   (Okawaru gifted it to you on level 14 of the Dungeon)

   It affects your strength (+6).
   It affects your intelligence (+2).
   If you remove this armour, your AC will decrease by 17 (24 -> 7).
 z - a +0 pair of gloves of strength (worn)
 B - a +2 hat of intelligence (worn)
 T - a +2 pair of boots of stealth (worn)
 U - quicksilver dragon scales
Jewellery
 l - an amulet of rage (around neck)
 v - an uncursed ring of wizardry {unknown}
 F - an uncursed ring of protection from cold {unknown}
 K - a +4 ring of evasion (left hand)
 P - the ring "Vaifakacs" (right hand) {Str+4 SInv Stlth+}
   (You found it on level 9 of the Dungeon)

   [ring of see invisible]

   It affects your strength (+4).
   It lets you see invisible.
   It makes you more stealthy.
Wands
 a - a wand of disintegration (11)
 d - a wand of digging (5)
 h - a wand of paralysis (2)
 k - a wand of clouds (1)
 n - a wand of flame (16)
 w - a wand of iceblast (21)
 S - a wand of scattershot (8)
 X - a wand of acid (10)
Scrolls
 e - 4 scrolls of fog
 g - 7 scrolls of teleportation
 j - 7 scrolls of remove curse
 s - 4 scrolls of identify
 C - 5 scrolls of immolation
 O - 3 scrolls of magic mapping
 R - 5 scrolls of fear
Potions
 m - 2 potions of magic
 o - 4 potions of mutation
 q - a potion of haste
 t - a potion of resistance {unknown}
 u - a potion of brilliance {unknown}
 E - a potion of ambrosia {unknown}
 G - a potion of invisibility {unknown}
 J - a potion of experience {unknown}
 L - a potion of cancellation {unknown}
 M - a potion of flight {unknown}
 N - 6 potions of curing
 V - 4 potions of berserk rage
 Y - a potion of might
 Z - 4 potions of stabbing {unknown}
Miscellaneous
 D - a crystal ball of energy
 H - a lightning rod (4/4)
 W - a fan of gales
Comestibles
 f - 58 rations


   Skills:
 + Level 12.6 Fighting
 + Level 11.1 Short Blades
 + Level 11.9 Long Blades
 + Level 11.1 Axes
 + Level 11.1 Maces & Flails
 + Level 11.1 Polearms
 + Level 11.1 Staves
 + Level 11.1 Slings
 + Level 11.1 Bows
 + Level 11.1 Crossbows
 + Level 11.1 Throwing
 + Level 12.6 Armour
 + Level 11.1 Dodging
 + Level 11.1 Stealth
 + Level 12.6 Shields
 + Level 11.1 Unarmed Combat
 + Level 11.1 Spellcasting
 + Level 9.4 Conjurations
 + Level 9.4 Hexes
 + Level 9.4 Charms
 + Level 9.4 Summonings
 + Level 9.4 Necromancy
 + Level 9.4 Translocations
 + Level 9.4 Transmutations
 + Level 9.4 Fire Magic
 + Level 9.4 Ice Magic
 + Level 9.4 Air Magic
 + Level 9.4 Earth Magic
 + Level 9.4 Poison Magic
 + Level 12.0 Invocations
 + Level 11.1 Evocations


You had 8 spell levels left.
You knew the following spells:

 Your Spells              Type           Power        Failure   Level  Hunger
a - Summon Guardian Gole  Hex/Summ       #####...     1%          3    None
b - Vampiric Draining     Necr           #####.....   1%          3    None
c - Summon Lightning Spi  Summ/Air       #####...     4%          4    ###....
d - Call Imp              Summ           #####...     1%          2    None
e - Inner Flame           Hex/Fire       #####...     1%          3    None
f - Song of Slaying       Chrm           #####...     1%          2    None
g - Starburst             Conj/Fire      #####.....   56%         6    ######.
h - Olgreb's Toxic Radia  Pois           #####...     4%          4    ###....
i - Ignite Poison         Fire/Tmut/Pois #####...     1%          3    None

Your spell library contained the following spells:

 Spells                   Type           Power        Failure   Level  Hunger
 Animate Skeleton         Necr           N/A          1%          1    None
 Magic Dart               Conj           ####         1%          1    None
 Pain                     Necr           ####         1%          1    None
 Sting                    Tmut/Pois      ####         1%          1    None
 Summon Small Mammal      Summ           ####         1%          1    None
 Corpse Rot               Necr/Air       N/A          1%          2    None
 Poisonous Vapours        Pois/Air       #####.       1%          2    None
 Searing Ray              Conj           #####.       1%          2    None
 Sublimation of Blood     Necr           #####.....   1%          2    None
 Call Canine Familiar     Summ           #####...     1%          3    None
 Confusing Touch          Hex            #####...     1%          3    None
 Dazzling Flash           Conj/Hex       #####.       1%          3    None
 Gell's Gravitas          Tloc           #####.....   1%          3    None
 Mephitic Cloud           Conj/Pois/Air  #####...     1%          3    None
 Ozocubu's Armour         Chrm/Ice       #####...     1%          3    None
 Animate Dead             Necr           N/A          4%          4    ###....
 Dispel Undead            Necr           #####...     4%          4    ###....
 Fulminant Prism          Conj/Hex       #####.....   4%          4    ###....
 Iskenderun's Mystic Bla  Conj/Tloc      #####...     4%          4    ###....
 Petrify                  Tmut/Erth      #####...     4%          4    ###....
 Summon Ice Beast         Ice/Summ       #####...     4%          4    ###....
 Agony                    Necr           #####...     12%         5    #####..
 Bolt of Magma            Conj/Fire/Erth #####.....   12%         5    #####..
 Excruciating Wounds      Chrm/Necr      #####.....   12%         5    #####..
 Metabolic Englaciation   Hex/Ice        #####.....   12%         5    #####..
 Yara's Violent Unravell  Hex/Tmut       #####.....   12%         5    #####..


Dungeon Overview and Level Annotations

Branches:
Dungeon (15/15)            Temple (0/1) D:5            Lair (6/6) D:11
  Swamp (0/4) Lair:2        Snake (1/4) Lair:4        Slime (0/5) Lair:5
    Orc (2/2) D:10            Elf (0/3) Orc:2        Vaults (0/5) D:13
 Depths (0/5) D:15

Altars:
Cheibriados
Elyvilon
Fedhas
Makhleb
Okawaru
Ru
Trog
Uskayaw
Xom
Zin
Beogh

Shops:
D:4 =   D:5 (   D:10 !   D:12 (*(:*   D:15 !   Orc:1 *   Orc:2 *[*(

Annotations:
Lair:6 exclusion: 5 oklob plants


Innate Abilities, Weirdness & Mutations

Your experience applies equally to all skills.
You have very sharp teeth.
Your uncanny sense of smell can sniff out nearby items.


Message History

The shock serpent is moderately wounded.
The shock serpent shoots out a bolt of lightning at you!
The bolt of electricity hits you!! x2
* * * LOW HITPOINT WARNING * * *
The bolt of electricity hits the shock serpent.
The shock serpent completely resists.
You feel much better. The shock serpent barely misses you.
The shock serpent bites you. The shock serpent shocks you!
* * * LOW HITPOINT WARNING * * *
Evoke which item? (* to show all) (? for menu, Esc to quit)
Aiming: Disintegrate
Press: ? - help, Shift-Dir - straight line, f - shock serpent
Aim: a shock serpent (moderately wounded, chance to defeat MR: 82%)
The shock serpent is blasted!!!
The shock serpent's electric aura discharges violently, shocking you!
* * * LOW HITPOINT WARNING * * *
The shock serpent bites you.
* * * LOW HITPOINT WARNING * * *
The shock serpent shocks you!
You die...

.... #...)# ∆
.....#....# ........))#
## #...###)###... .
#.......... #.....#....
##.#..# .. ### #..#...#
##.#### .. #.@###..#
###.....#
#.###..S.######.......#
#...^....#.............
##..#..#.#.##.#...##.##
##.##<#...#..#.#.#...#
#..#...>.#..###....##
#..#.........#.......
#........#...#..#####
####.....#...##.#....


You could see a shock serpent.

Vanquished Creatures
  Jorgrun (Orc:2)
  Rupert (D:12)
  2 orc warlords (Orc:2)
  Aizul (Snake:1)
  A juggernaut zombie (D:15)
  2 entropy weavers (Lair:4)
  Azrael (D:12)
  An ettin (D:13)
  Josephine (D:15)
  A fire dragon (Lair:6)
  A naga warrior (Snake:1)
  Fannar (Orc:1)
  10 hydras
  4 vault guards (D:13)
  2 centaur warriors
  3 catoblepae
  3 anacondas
  A death knight (D:11)
  24 two-headed ogres
  4 ogre magi
  A queen ant (Lair:4)
  2 skeletal warriors (D:15)
  2 salamander mystics (Snake:1)
  5 unseen horrors
  2 deep trolls (Orc:2)
  A spark wasp zombie (D:15)
  A flayed ghost (D:15)
  A lindwurm (Lair:6)
  A naga ritualist (Snake:1)
  A phantasmal warrior (D:11)
  3 orc knights (Orc:2)
  2 mana vipers (Snake:1)
  7 ugly things
  A deep elf mage (D:13)
  A necromancer (D:15)
  An orc sorcerer (Orc:1)
  2 wolf spiders
  4 cyclopes
  A manticore (D:13)
  4 elephants (Lair:6)
  2 naga magi (Snake:1)
  4 black mambas
  A spiny frog (shapeshifter) (D:15)
  6 torpor snails
  3 gargoyles
  8 spiny frogs
  Maggie (D:6)
  A freezing wraith (D:14)
  An efreet (D:15)
  3 komodo dragons
  2 rime drakes
  6 meliai
  11 polar bears
  15 trolls
  4 tyrant leeches (Lair:6)
  A merfolk (shapeshifter) (D:15)
  7 hornets
  4 raiju (Lair:6)
  8 slime creatures
  6 dream sheep (Lair:6)
  15 blink frogs
  An ice dragon zombie (D:15)
  2 bog bodies (Lair:2)
  9 hippogriffs
  3 shadows
  5 wraiths
  An elf skeleton (D:15)
  53 yaks
  A human (D:8)
  2 hungry ghosts
  3 basilisks
  5 wyverns
  2 fire elementals (D:11)
  5 vampire mosquitoes
  12 wargs
  7 nagas
  2 acid dragons (D:13)
  9 soldier ants
  15 hell hounds
  11 water moccasins
  Duvessa (D:6)
  15 porcupines
  23 orc warriors
  2 ice beasts
  34 ogres
  4 sky beasts
  14 black bears
  2 phantoms
  26 centaurs
  28 wolves
  17 crocodiles
  A big kobold (D:11)
  19 bullfrogs
  A gnoll sergeant (D:5)
  Dowan (D:6)
  8 scorpions
  2 wyvern skeletons (D:10)
  10 killer bees
  20 wights
  10 howler monkeys
  2 electric eels
  5 crimson imps
  A bullfrog zombie (D:5)
  2 centaur zombies
  4 jellies
  A quasit (D:8)
  5 centaur skeletons
  6 hounds
  A gnoll shaman (D:6)
  14 orc priests
  2 bullfrog skeletons
  15 orc wizards
  Jessica (D:3)
  6 iguanas
  32 worker ants
  A hound zombie (D:7)
  A worker ant zombie (D:11)
  A howler monkey zombie (D:5)
  8 gnolls
  A howler monkey skeleton (D:7)
  8 adders
  3 shadow imps
  An ooze (Lair:5)
  4 adder skeletons
  An adder zombie (D:7)
  A dart slug (D:4)
  4 leopard geckos
  56 orcs
  2 ball pythons
  2 bats (D:1)
  7 giant cockroaches
  3 goblins
  7 hobgoblins
  12 jackals
  3 quokkas
  4 frilled lizards (D:1)
  2 jackal skeletons
  14 kobolds
  A leopard gecko skeleton (D:5)
  A leopard gecko zombie (D:6)
  4 rats
  A fungus (Lair:4)
  A plant (Lair:6)
  A withered plant (D:15)
855 creatures vanquished.

Vanquished Creatures (others)
  A slime creature (D:12)
  A black bear (Lair:6)
  A bush (Lair:6)
  7 fungi
  16 plants
26 creatures vanquished.

Grand Total: 881 creatures vanquished

Notes
Turn   | Place    | Note
-------+----------+-------------------------------------------
     0 | D:1      | Emblim88 the Gnoll Fighter began the quest for the Orb.
     0 | D:1      | Reached XP level 1. HP: 23/23 MP: 1/1
   104 | D:1      | Reached XP level 2. HP: 15/29 MP: 2/2
  1049 | D:2      | Reached XP level 3. HP: 35/35 MP: 3/3
  1145 | D:2      | Found a hide-covered altar of Uskayaw.
  1145 | D:2      | Noticed a +0 hand axe
  1146 | D:2      | Noticed a +0 hand axe
  1205 | D:2      | You fall into a shaft and drop 2 floors!
  1248 | D:3      | Noticed Jessica
  1265 | D:3      | Killed Jessica
  1265 | D:3      | Reached skill level 1 in Short Blades
  1265 | D:3      | Reached skill level 1 in Axes
  1265 | D:3      | Reached skill level 1 in Maces & Flails
  1265 | D:3      | Reached skill level 1 in Polearms
  1265 | D:3      | Reached skill level 1 in Staves
  1265 | D:3      | Reached skill level 1 in Slings
  1265 | D:3      | Reached skill level 1 in Bows
  1265 | D:3      | Reached skill level 1 in Crossbows
  1265 | D:3      | Reached skill level 1 in Throwing
  1265 | D:3      | Reached skill level 1 in Dodging
  1265 | D:3      | Reached skill level 1 in Stealth
  1265 | D:3      | Reached skill level 1 in Unarmed Combat
  1265 | D:3      | Reached skill level 1 in Spellcasting
  1265 | D:3      | Reached skill level 1 in Invocations
  1265 | D:3      | Reached skill level 1 in Evocations
  1265 | D:3      | Reached XP level 4. HP: 27/41 MP: 3/5
  2162 | D:3      | Reached skill level 1 in Conjurations
  2162 | D:3      | Reached skill level 1 in Hexes
  2162 | D:3      | Reached skill level 1 in Charms
  2162 | D:3      | Reached skill level 1 in Summonings
  2162 | D:3      | Reached skill level 1 in Necromancy
  2162 | D:3      | Reached skill level 1 in Translocations
  2162 | D:3      | Reached skill level 1 in Transmutations
  2162 | D:3      | Reached skill level 1 in Fire Magic
  2162 | D:3      | Reached skill level 1 in Ice Magic
  2162 | D:3      | Reached skill level 1 in Air Magic
  2162 | D:3      | Reached skill level 1 in Earth Magic
  2162 | D:3      | Reached skill level 1 in Poison Magic
  2405 | D:4      | Reached XP level 5. HP: 47/47 MP: 6/6
  2524 | D:4      | Noticed an ogre
  2539 | D:5      | Entered Level 5 of the Dungeon
  2834 | D:5      | Reached XP level 6. HP: 53/53 MP: 8/8
  2865 | D:5      | Reached skill level 5 in Long Blades
  2895 | D:5      | Found a staircase to the Ecumenical Temple.
  2936 | D:5      | Reached XP level 7. HP: 29/59 MP: 10/10
  3236 | D:5      | Found an iron altar of Okawaru.
  3246 | D:5      | Became a worshipper of Warmaster Okawaru
  3313 | D:4      | Found Ricwutwe's Jewellery Shop.
  3442 | D:4      | Found a snail-covered altar of Cheibriados.
  3486 | D:4      | Reached * piety under Okawaru
  3486 | D:4      | Reached XP level 8. HP: 63/67 MP: 12/12
  3595 | D:4      | Found a burning altar of Makhleb.
  4004 | D:5      | Found Ypoffiz's Weapon Shop.
  4027 | D:5      | You fall into a shaft and drop 3 floors!
  4161 | D:8      | Reached ** piety under Okawaru
  4334 | D:8      | Reached XP level 9. HP: 72/72 MP: 14/14
  4417 | D:8      | Noticed a two-headed ogre
  4441 | D:8      | Killed a two-headed ogre
  4641 | D:7      | Reached *** piety under Okawaru
  4810 | D:7      | Found a white marble altar of Elyvilon.
  4911 | D:7      | Reached skill level 5 in Invocations
  5082 | D:7      | Found a shimmering altar of Xom.
  5318 | D:6      | Noticed Maggie
  5348 | D:6      | Killed Maggie
  5348 | D:6      | Reached XP level 10. HP: 80/80 MP: 17/17
  5493 | D:6      | Noticed Dowan
  5494 | D:6      | Noticed Duvessa
  5516 | D:6      | Killed Duvessa
  5525 | D:6      | Killed Dowan
  5525 | D:6      | Reached skill level 5 in Short Blades
  5525 | D:6      | Reached skill level 5 in Axes
  5525 | D:6      | Reached skill level 5 in Maces & Flails
  5525 | D:6      | Reached skill level 5 in Polearms
  5525 | D:6      | Reached skill level 5 in Staves
  5525 | D:6      | Reached skill level 5 in Slings
  5525 | D:6      | Reached skill level 5 in Bows
  5525 | D:6      | Reached skill level 5 in Crossbows
  5525 | D:6      | Reached skill level 5 in Throwing
  5525 | D:6      | Reached skill level 5 in Dodging
  5525 | D:6      | Reached skill level 5 in Stealth
  5525 | D:6      | Reached skill level 5 in Unarmed Combat
  5525 | D:6      | Reached skill level 5 in Spellcasting
  5525 | D:6      | Reached skill level 5 in Evocations
  5789 | D:6      | Found a blossoming altar of Fedhas.
  5961 | D:7      | Found a bloodstained altar of Trog.
  6218 | D:7      | Reached **** piety under Okawaru
  6865 | D:9      | Noticed a two-headed ogre
  6883 | D:9      | Killed a two-headed ogre
  6964 | D:9      | Got a transparent brass ring
  7008 | D:9      | Identified the ring "Vaifakacs" {Str+4 SInv Stlth+} (You
                  | found it on level 9 of the Dungeon)
  7352 | D:9      | Found a blossoming altar of Fedhas.
  7352 | D:9      | Found a sacrificial altar of Ru.
  7370 | D:9      | Learned a level 3 spell: Summon Guardian Golem
  7374 | D:9      | Learned a level 3 spell: Vampiric Draining
  7394 | D:10     | Entered Level 10 of the Dungeon
  7409 | D:10     | Reached ***** piety under Okawaru
  7495 | D:10     | Found Fyutz's Distillery.
  7553 | D:10     | Found a staircase to the Orcish Mines.
  7554 | D:10     | Noticed a two-headed ogre
  7571 | D:10     | Killed a two-headed ogre
  7571 | D:10     | Reached XP level 11. HP: 73/87 MP: 11/19
  7586 | D:10     | Received a gift from Okawaru
  7672 | D:10     | Found a roughly hewn altar of Beogh.
  7735 | D:10     | Reached skill level 5 in Conjurations
  7735 | D:10     | Reached skill level 5 in Hexes
  7735 | D:10     | Reached skill level 5 in Charms
  7735 | D:10     | Reached skill level 5 in Summonings
  7735 | D:10     | Reached skill level 5 in Necromancy
  7735 | D:10     | Reached skill level 5 in Translocations
  7735 | D:10     | Reached skill level 5 in Transmutations
  7735 | D:10     | Reached skill level 5 in Fire Magic
  7735 | D:10     | Reached skill level 5 in Ice Magic
  7735 | D:10     | Reached skill level 5 in Air Magic
  7735 | D:10     | Reached skill level 5 in Earth Magic
  7735 | D:10     | Reached skill level 5 in Poison Magic
  8152 | D:11     | Noticed a wolf spider
  8155 | D:11     | Noticed a green ugly thing
  8157 | D:11     | Noticed a phantasmal warrior
  8175 | D:11     | Found a staircase to the Lair.
  8932 | D:11     | Noticed a death knight
  8932 | D:11     | Noticed an unseen horror
  9340 | D:12     | Found Beco's Assorted Antiques.
  9355 | D:12     | Noticed a green ugly thing
  9375 | D:12     | Killed a green ugly thing
  9375 | D:12     | Received a gift from Okawaru
  9706 | D:12     | Noticed Azrael
  9721 | D:11     | Reached ****** piety under Okawaru
  9977 | D:12     | Reached XP level 12. HP: 62/96 MP: 22/22
 10148 | D:12     | Received a gift from Okawaru
 10814 | D:12     | Killed Azrael
 11237 | D:5      | Bought the +8 falchion "Lifebane" {vamp, rPois} for 722
                  | gold pieces
 11449 | D:12     | Found Xitheop's Book Boutique.
 11453 | D:12     | Noticed a four-headed hydra
 11460 | D:12     | Killed a four-headed hydra
 11539 | D:12     | Found Sokkeah's Weapon Emporium.
 11606 | D:12     | Found Ezeep's Assorted Antiques.
 11769 | D:12     | Found Beniamp's Antique Weapon Boutique.
 11931 | D:13     | Noticed a vault guard
 11932 | D:13     | Noticed a vault guard
 11933 | D:13     | Noticed a two-headed ogre
 11934 | D:13     | Noticed a two-headed ogre
 11935 | D:13     | Received a gift from Okawaru
 11935 | D:13     | Noticed a vault guard
 12002 | Lair:1   | Entered Level 1 of the Lair of Beasts
 12141 | Lair:1   | Noticed a seven-headed hydra
 12149 | Lair:1   | Killed a seven-headed hydra
 12596 | Lair:1   | Found a dark tunnel.
 12784 | Lair:2   | Reached skill level 10 in Fighting
 12784 | Lair:2   | Reached skill level 10 in Armour
 12784 | Lair:2   | Reached skill level 10 in Shields
 12893 | Lair:2   | Noticed a four-headed hydra
 12911 | Lair:2   | Received a gift from Okawaru
 12913 | Lair:2   | Noticed a four-headed hydra
 12916 | Lair:2   | Killed a four-headed hydra
 12930 | Lair:2   | Reached XP level 13. HP: 103/103 MP: 21/24
 13045 | Lair:2   | Learned a level 4 spell: Summon Lightning Spire
 13188 | Lair:2   | Found a staircase to the Swamp.
 14497 | Lair:3   | Received a gift from Okawaru
 14879 | Lair:4   | Got a dazzling quarterstaff
 14947 | Lair:4   | Learned a level 2 spell: Call Imp
 15110 | Lair:4   | Found a staircase to the Snake Pit.
 15160 | Lair:4   | Identified the +0 quarterstaff "Gon Xacy" {pain, +Inv rElec
                  | rPois} (You found it on level 4 of the Lair of Beasts)
 15464 | Lair:4   | Noticed an entropy weaver
 15464 | Lair:4   | Noticed an entropy weaver
 15466 | Lair:4   | Was placed under penance by Okawaru
 15467 | Lair:4   | Killed an entropy weaver
 15487 | Lair:4   | Killed an entropy weaver
 15487 | Lair:4   | Was forgiven by Okawaru
 16065 | D:12     | Bought a glowing tower shield for 277 gold pieces
 16242 | Lair:5   | Reached XP level 14. HP: 109/111 MP: 23/26
 16380 | Lair:5   | Received a gift from Okawaru
 16381 | Lair:5   | Found a staircase to the Slime Pits.
 17120 | Lair:6   | Entered Level 6 of the Lair of Beasts
 17127 | Lair:6   | Reached skill level 10 in Long Blades
 17506 | Lair:6   | Received a gift from Okawaru
 17535 | Lair:6   | Found a runed translucent door.
 17545 | Lair:6   | Paralysed by a hornet for 3 turns
 17754 | Lair:6   | Reached skill level 10 in Invocations
 17981 | Lair:6   | Received a gift from Okawaru
 18419 | Lair:6   | Received a gift from Okawaru
 18721 | Lair:6   | Received a gift from Okawaru
 18892 | Lair:6   | Received a gift from Okawaru
 19444 | Lair:6   | Reached XP level 15. HP: 99/119 MP: 20/28
 19931 | D:5      | Noticed an angel
 19932 | D:5      | Found a glowing silver altar of Zin.
 21088 | Orc:1    | Entered Level 1 of the Orcish Mines
 21247 | Orc:1    | Found Woute Elana's General Store.
 21318 | Orc:1    | Noticed Fannar
 21332 | Orc:1    | Killed Fannar
 21429 | Orc:2    | Entered Level 2 of the Orcish Mines
 21476 | Orc:2    | Found Ypoelut's Assorted Antiques.
 21530 | Orc:2    | Noticed Jorgrun
 21576 | Orc:2    | Killed Jorgrun
 21587 | Orc:2    | Reached skill level 10 in Short Blades
 21587 | Orc:2    | Reached skill level 10 in Axes
 21587 | Orc:2    | Reached skill level 10 in Maces & Flails
 21587 | Orc:2    | Reached skill level 10 in Polearms
 21587 | Orc:2    | Reached skill level 10 in Staves
 21587 | Orc:2    | Reached skill level 10 in Slings
 21587 | Orc:2    | Reached skill level 10 in Bows
 21587 | Orc:2    | Reached skill level 10 in Crossbows
 21587 | Orc:2    | Reached skill level 10 in Throwing
 21587 | Orc:2    | Reached skill level 10 in Dodging
 21587 | Orc:2    | Reached skill level 10 in Stealth
 21587 | Orc:2    | Reached skill level 10 in Unarmed Combat
 21587 | Orc:2    | Reached skill level 10 in Spellcasting
 21587 | Orc:2    | Reached skill level 10 in Evocations
 21637 | Orc:2    | Found a flickering gateway to a bazaar.
 21643 | Orc:2    | Found Zaptur's General Store.
 21644 | Orc:2    | Found Uvoxkif's Weapon Shop.
 21658 | Orc:2    | Found Utuul's Antique Armour Shoppe.
 21661 | Orc:2    | Found a shimmering altar of Xom.
 21816 | Orc:2    | Found a staircase to the Elven Halls.
 22051 | Orc:2    | Noticed an orc warlord
 22120 | Orc:2    | Noticed an orc warlord
 22153 | Orc:2    | Killed an orc warlord
 22166 | Orc:2    | Received a gift from Okawaru
 22227 | Orc:2    | Killed an orc warlord
 22358 | Orc:2    | Got a twisted dagger {god gift}
 22402 | Orc:2    | Identified the +6 dagger of Uniniddu {vamp, rC+} (Okawaru
                  | gifted it to you on level 2 of the Orcish Mines)
 22490 | Orc:2    | Identified the Disquisition on Igneous Protection
 22684 | Orc:2    | Bought a scroll of identify for 26 gold pieces
 22831 | D:12     | Bought the +6 arbalest "Damnation" {damnation} for 2000
                  | gold pieces
 22831 | D:12     | Found the +6 arbalest "Damnation" {damnation}
 23145 | Snake:1  | Entered Level 1 of the Snake Pit
 23203 | Snake:1  | Reached XP level 16. HP: 41/127 MP: 9/30
 23773 | D:13     | Received a gift from Okawaru
 23797 | D:13     | Noticed Rupert
 23838 | D:12     | Killed Rupert
 23899 | D:13     | Received a gift from Okawaru
 23912 | D:13     | You fall into a shaft and drop 1 floor!
 23968 | D:14     | Received a gift from Okawaru
 24035 | D:14     | Got a pitted chain mail {god gift}
 24046 | D:14     | Identified the +5 chain mail of Dice, Bag, and Bottle
                  | {Str+6 Int+2} (Okawaru gifted it to you on level 14 of the
                  | Dungeon)
 24240 | D:14     | Learned a level 3 spell: Inner Flame
 24248 | D:14     | Learned a level 2 spell: Song of Slaying
 24255 | D:14     | Learned a level 6 spell: Starburst
 24717 | D:15     | Entered Level 15 of the Dungeon
 25000 | D:15     | Noticed Josephine
 25005 | D:15     | Killed Josephine
 25085 | D:15     | Found Geargh's Distillery.
 25182 | D:15     | Received a gift from Okawaru
 25373 | D:15     | Found a staircase to the Depths.
 26120 | D:13     | Found a gate to the Vaults.
 26235 | D:13     | Learned a level 4 spell: Olgreb's Toxic Radiance
 26239 | D:13     | Learned a level 3 spell: Ignite Poison
 26386 | D:13     | Reached XP level 17. HP: 131/135 MP: 24/32
 26959 | Snake:1  | Noticed Aizul
 26960 | Snake:1  | Received a gift from Okawaru
 26982 | Snake:1  | Killed Aizul
 26982 | Snake:1  | Received a gift from Okawaru
 27060 | Snake:1  | Slain by a shock serpent

Levels and vault maps discovered:
D:1:      psy_arrival_fountain, layout_basic, lemuel_another_geyser
D:2:      layout_rooms, dancing_weapons_uskayaw, serial_curves, eino_curves_02,
          eino_curves_03
D:3:      layout_basic, hangedman_feature_mirror, uniq_jessica
D:4:      layout_basic, lemuel_crystal_altar, kennysheep_slug_shrine,
          first_ration, minmay_shop_enchanted_jewellery,
          minmay_fractal_squares_gapless_5
D:5:      layout_rooms, zin_angel, kennysheep_mini,
          minmay_temple_entry_drinking_statues, serial_shops, shop
D:6:      layout_loops_ring, grunt_decor_resistance, fedhas_altar_fruit_tree,
          uniq_duvessa, uniq_maggie
D:7:      layout_gridville, lemuel_doored_altar, bloody_trog, old_standard_altar
D:8:      black_bear_nest_2, layout_loops_ring, grunt_pizzeria
D:9:      layout_basic, amethyst_overflow_temple_binary
D:10:     layout_roguey, minmay_orc_entry_temple_small, serial_shops,
          nicolae_shop_competitors_out_of_business, nicolae_two_hexagons
D:11:     layout_layer_cave, minmay_lair_entry_grove,
          onia_ninara_dug_in_and_dangerous
D:12:     layout_basic, serial_shops, shop, nicolae_shop_crystal,
          nicolae_shop_stone, kennysheep_little_box, nicolae_shop_behind_doors,
          uniq_azrael
D:13:     layout_roguey, lightli_vaults_fourway_checkpoint,
          kennysheep_four_rooms, uniq_rupert
D:14:     layout_loops_ring, chequers_decorated_corner
D:15:     gammafunk_depths_entry_grave, layout_rooms, serial_curves,
          eino_curves_03, eino_curves_04, eino_curves_04, serial_shops,
          nicolae_shop_behind_doors, minmay_misc_feat_four_crosses,
          minmay_microvault, uniq_josephine
Lair:1:   layout_chaotic_city, lightli_volcano_entry_magma_tube
Lair:2:   layout_layer_cave, skrybe_swamp_entry_bodies, minivault_27,
          beast_lair_carwin_9, infiniplex_staircase_pool
Lair:3:   layout_gridlike
Lair:4:   layout_roguey, minmay_snake_entry_guardpost_medium,
          minmay_another_anthill
Lair:5:   layout_misc_corridors, nicolae_slime_entry_slimehenge,
          chequers_serial_rivers_micro_e, chequers_serial_rivers_large_a,
          chequers_serial_rivers_micro_e, gammafunk_lair_bear_cave
Lair:6:   hangedman_lair_caniforms_friends, layout_hall_layers, wormcave,
          chequers_serial_rivers_room_a, minmay_lair_oklob_bushes, dpeg_oklob_1,
          lemuel_fruit_tree
Snake:1:  layout_honeycomb, serial_shops, nicolae_shop_window_shopping,
          nicolae_shop_stone, shop, uniq_aizul
Orc:1:    layout_caves, serial_shops, shop_fountains, uniq_fannar
Orc:2:    st_orc_open, layout_diamond_mine, serial_shops, bzr_entry_safe,
          basic_altar, minmay_orc_treasury, uniq_jorgrun

Skill      XL: |  1  2  3  4  5  6  7  8  9 10 11 12 13 14 15 16 17 |
---------------+----------------------------------------------------+-----
Short Blades   | 1 2 3 4 5 6 7 8 9 10 11 | 11.1
Axes           | 1 2 3 4 5 6 7 8 9 10 11 | 11.1
Maces & Flails | 1 2 3 4 5 6 7 8 9 10 11 | 11.1
Polearms       | 1 2 3 4 5 6 7 8 9 10 11 | 11.1
Staves         | 1 2 3 4 5 6 7 8 9 10 11 | 11.1
Slings         | 1 2 3 4 5 6 7 8 9 10 11 | 11.1
Bows           | 1 2 3 4 5 6 7 8 9 10 11 | 11.1
Crossbows      | 1 2 3 4 5 6 7 8 9 10 11 | 11.1
Throwing       | 1 2 3 4 5 6 7 8 9 10 11 | 11.1
Dodging        | 1 2 3 4 5 6 7 8 9 10 11 | 11.1
Stealth        | 1 2 3 4 5 6 7 8 9 10 11 | 11.1
Unarmed Combat | 1 2 3 4 5 6 7 8 9 10 11 | 11.1
Spellcasting   | 1 2 3 4 5 6 7 8 9 10 11 | 11.1
Invocations    | 1 2 3 4 5 6 7 8 9 10 11 12 | 12.0
Evocations     | 1 2 3 4 5 6 7 8 9 10 11 | 11.1
Conjurations   | 1 2 3 4 5 6 7 8 9 |  9.4
Hexes          | 1 2 3 4 5 6 7 8 9 |  9.4
Charms         | 1 2 3 4 5 6 7 8 9 |  9.4
Summonings     | 1 2 3 4 5 6 7 8 9 |  9.4
Necromancy     | 1 2 3 4 5 6 7 8 9 |  9.4
Translocations | 1 2 3 4 5 6 7 8 9 |  9.4
Transmutations | 1 2 3 4 5 6 7 8 9 |  9.4
Fire Magic     | 1 2 3 4 5 6 7 8 9 |  9.4
Ice Magic      | 1 2 3 4 5 6 7 8 9 |  9.4
Air Magic      | 1 2 3 4 5 6 7 8 9 |  9.4
Earth Magic    | 1 2 3 4 5 6 7 8 9 |  9.4
Poison Magic   | 1 2 3 4 5 6 7 8 9 |  9.4
Long Blades    | 5 6 7 8 9 10 11 | 11.9
Fighting       | 7 8 9 10 11 12 | 12.6
Armour         | 7 8 9 10 11 12 | 12.6
Shields        | 7 8 9 10 11 12 | 12.6

Action                   |  1- 3 |  4- 6 |  7- 9 | 10-12 | 13-15 | 16-18 || total
-------------------------+-------+-------+-------+-------+-------+-------++-------
Melee: Long sword        |    83 |       |    15 |   479 |       |       ||   577
       Bite              |     5 |    28 |    89 |   108 |   357 |    80 ||   667
       Dagger            |       |   106 |    48 |       |       |       ||   154
       Whip              |       |    37 |    13 |       |       |       ||    50
       Spear             |       |       |   437 |       |       |       ||   437
       Falchion          |       |       |       |   136 |  1562 |   354 ||  2052
       Quarterstaff      |       |       |       |       |    61 |       ||    61
       Punch             |       |       |       |       |       |    51 ||    51
 Fire: Arbalest          |       |       |       |       |    14 |   100 ||   114
Throw: Stone             |       |     2 |       |       |       |       ||     2
       Boomerang         |       |     3 |    64 |   142 |   270 |     1 ||   480
       Javelin           |       |       |       |     5 |    26 |     3 ||    34
       Throwing net      |       |       |       |     1 |     1 |       ||     2
 Cast: Summon Guardian G |       |       |       |       |     3 |       ||     3
       Call Imp          |       |       |       |       |     4 |       ||     4
       Starburst         |       |       |       |       |       |     1 ||     1
       Olgreb's Toxic Ra |       |       |       |       |       |     1 ||     1
       Summon Lightning  |       |       |       |       |       |     1 ||     1
Invok: Heroism           |       |       |     2 |     9 |    12 |     2 ||    25
       Finesse           |       |       |       |     2 |     2 |     1 ||     5
 Abil: Evoke Invisibilit |       |       |       |       |     1 |       ||     1
       Evoke Berserk Rag |       |       |       |       |     2 |       ||     2
Evoke: Wand              |       |       |       |    10 |    11 |     2 ||    23
       Phantom mirror    |       |       |       |       |     1 |       ||     1
       Lightning rod     |       |       |       |       |     1 |       ||     1
  Use: Potion            |       |     1 |     2 |     1 |     2 |     3 ||     9
       Scroll            |       |       |     6 |    13 |    17 |     3 ||    39
 Stab: Sleeping          |       |       |       |    11 |    10 |     4 ||    25
       Distracted        |       |       |       |     1 |     2 |     1 ||     4
       Invisible         |       |       |       |       |     5 |       ||     5
       Petrified         |       |       |       |       |     3 |       ||     3
       Petrifying        |       |       |       |       |     1 |       ||     1
  Eat: Chunk             |     1 |     6 |     8 |    20 |    26 |     8 ||    69
       Ration            |       |       |       |     2 |     4 |     1 ||     7
Armor: Scale mail        |    33 |    42 |     5 |       |       |       ||    80
       Pearl dragon scal |       |       |   165 |   200 |   335 |       ||   700
       Quicksilver drago |       |       |       |       |    38 |    12 ||    50
       Chain mail        |       |       |       |       |       |    84 ||    84
Dodge: Dodged            |    12 |    40 |   126 |   214 |   505 |   279 ||  1176
Block: Kite shield       |    36 |    80 |   227 |   321 |    75 |       ||   739
       Tower shield      |       |       |       |       |  1329 |       ||  1329
       Rpst.: Long sword |     3 |       |     1 |    45 |       |       ||    49
       Falchion          |       |       |       |     9 |   123 |    49 ||   181

Table legend:
 A = Non-vault XP
 B = Vault XP
 C = Vault XP percentage of total XP
 D = Non-vault monster count
 E = Vault monster count
 F = Vault count percentage of total count
                 A         B        C        D         E       F
            +---------+---------+-------+---------+---------+-------
      Total |  103536 |   85684 |  45.3 |     572 |     281 |  32.9
            +---------+---------+-------+---------+---------+-------
        D:1 |      29 |       0 |   0.0 |      17 |       0 |   0.0
        D:2 |      14 |       0 |   0.0 |       9 |       0 |   0.0
        D:3 |     109 |      42 |  27.8 |      20 |       3 |  13.0
        D:4 |     610 |     169 |  21.7 |      15 |       4 |  21.1
        D:5 |     712 |       0 |   0.0 |      28 |       0 |   0.0
        D:6 |     719 |     595 |  45.3 |      26 |       3 |  10.3
        D:7 |    1405 |       0 |   0.0 |      33 |       0 |   0.0
        D:8 |    2112 |     326 |  13.4 |      18 |       2 |  10.0
        D:9 |    2090 |       0 |   0.0 |      22 |       0 |   0.0
       D:10 |    2682 |     306 |  10.2 |      19 |       9 |  32.1
       D:11 |    2556 |    6355 |  71.3 |      28 |      23 |  45.1
       D:12 |    5384 |    4550 |  45.8 |      27 |       3 |  10.0
       D:13 |    6495 |    9669 |  59.8 |      21 |      16 |  43.2
       D:14 |   16384 |       0 |   0.0 |      45 |       0 |   0.0
       D:15 |   13198 |    7647 |  36.7 |      44 |      14 |  24.1
     Lair:1 |    3357 |       0 |   0.0 |      15 |       0 |   0.0
     Lair:2 |    6322 |    1238 |  16.4 |      23 |       7 |  23.3
     Lair:3 |    4848 |       0 |   0.0 |      22 |       0 |   0.0
     Lair:4 |    6836 |    5971 |  46.6 |      24 |      30 |  55.6
     Lair:5 |    5081 |     748 |  12.8 |      26 |       6 |  18.8
     Lair:6 |   10663 |   17343 |  61.9 |      38 |      73 |  65.8
    Snake:1 |    8763 |    1640 |  15.8 |      16 |       1 |   5.9
      Orc:1 |    1137 |     986 |  46.4 |      14 |       1 |   6.7
      Orc:2 |    2030 |   28099 |  93.3 |      22 |      86 |  79.6
            +---------+---------+-------+---------+---------+-------
